 Dungeon Crawl Stone Soup version 0.16-b1 (console) character file.

9 siepu the Chopper (level 2, 18/27 HPs)
             Began as a Deep Dwarf Abyssal Knight on Mar 14, 2015.
             Was a Follower of Lugonu.
             Quit the game on level 1 of the Dungeon.
             The game lasted 00:01:48 (350 turns).

siepu the Chopper (Deep Dwarf Abyssal Knight)        Turns: 350, Time: 00:01:48

Health: 18/27      AC:  5    Str: 15    XL:     2   Next: 6%
Magic:  2/2        EV: 10    Int: 12    God:    Lugonu [*.....]
Gold:   9          SH:  0    Dex: 12    Spells: 0 memorised, 1 level left

rFire  . . .     SeeInvis .     j - +0 hand axe (curse)
rCold  . . .     Clarity  .     h - +0 ring mail
rNeg   . . .     SustAb   .     (no shield)
rPois  .         Gourm    .     (no helmet)
rElec  .         Spirit   .     (no cloak)
rCorr  .         Warding  .     (no gloves)
rMut   .         Stasis   .     (no boots)
MR     .....                    (no amulet)
Stlth  +.........               (no ring)
                                (no ring)

@: non-regenerating, not resistant to hostile enchantments, very unstealthy
A: damage resistance, recharge devices, sense surroundings 1, slow healing 3
a: Device Recharging, Depart the Abyss, Renounce Religion


You were on level 1 of the Dungeon.
You worshipped Lugonu.
Lugonu was aware of your devotion.
You were not hungry.

You visited 1 branch of the dungeon, and saw 1 of its levels.
You visited the Abyss 1 time.

You collected 9 gold pieces.


Innate Abilities, Weirdness & Mutations

You are resistant to damage.
You can recharge devices by infusing magical energy.
You passively map a small area around you.
You do not heal naturally.


   Skills:
 - Level 2.6 Fighting
 + Level 3.0 Axes
 - Level 2.1 Armour
 - Level 1.1 Dodging
 - Level 2.5 Invocations


You had one spell level left.
You didn't know any spells.

Inventory:

Hand weapons
 a - a +1 hand axe
 j - a cursed +0 hand axe (weapon)
Missiles
 e - 39 stones (quivered)
Armour
 b - a +0 leather armour
 h - a +0 ring mail (worn)
Magical devices
 c - a wand of heal wounds (5) {!d!v}
Scrolls
 g - 2 scrolls of teleportation {!r, unknown}
 l - a scroll of identify {!r, unknown}
Potions
 k - a potion of cancellation {!q, unknown}
Comestibles
 d - a bread ration {!e}
 f - 2 meat rations {!e}
 i - 3 chunks of flesh {!e}


Message History

Aim: a giant cockroach You throw a stone.
The stone hits the giant cockroach.
The giant cockroach is heavily wounded.
Throwing (i - inventory):
e - 22 stones (quivered)
Press: ? - help, Shift-Dir - straight line, f/p - giant cockroach
Aim: a giant cockroach (heavily wounded)
You throw a stone.
The stone closely misses the giant cockroach.
The giant cockroach completely misses you.
Throwing (i - inventory):
e - 21 stones (quivered)
Press: ? - help, Shift-Dir - straight line, f/p - giant cockroach
Aim: a giant cockroach (heavily wounded)
Okay, then.
You closely miss the giant cockroach.
The giant cockroach is heavily wounded.
The giant cockroach closely misses you.
You barely miss the giant cockroach.
The giant cockroach is heavily wounded.
The giant cockroach bites you.
You barely miss the giant cockroach.
The giant cockroach is heavily wounded.
The giant cockroach barely misses you. The giant cockroach closely misses you.
You hit the giant cockroach.
The giant cockroach is severely wounded.
The giant cockroach closely misses you.
You completely miss the giant cockroach.
The giant cockroach is severely wounded.
The giant cockroach barely misses you. The giant cockroach bites you.
You barely miss the giant cockroach.
The giant cockroach is heavily wounded.
The giant cockroach bites you.
You hit the giant cockroach but do no damage.
The giant cockroach is heavily wounded.
The giant cockroach bites you but does no damage.
You hit the giant cockroach.
You kill the giant cockroach!
Lugonu accepts your kill.
g - 2 scrolls labeled JEWOTHRU PILI {!r} (gained 1)
e - 22 stones (gained 1)
f - 2 meat rations {!e} (gained 1)
A rat comes into view.
You are too injured to fight recklessly!
You are too injured to fight recklessly!
You are too injured to fight recklessly!
You see here 9 gold pieces.
You completely miss the rat. The rat barely misses you.
You hit the rat.
You kill the rat!
Lugonu accepts your kill.
Found a runed hand axe.
You see here a rat corpse.
You see here a rat corpse.
You butcher the rat corpse.
i - 2 chunks of flesh {!e} (gained 1)
You now have 9 gold pieces.
You see here a runed hand axe.
j - a runed hand axe Wield which item (- for none, * to show all)? (? for menu, Esc to quit)
It sticks to your hand!
j - a cursed +0 hand axe (weapon)
Found 17 sling bullets.
e - 39 stones (gained 17)
A goblin comes into view.
The goblin shouts!
A bat comes into view.
Found a scroll labeled ADOYTRIROO.
You closely miss the goblin. The bat hits you. The bat closely misses you.
The goblin hits you but does no damage.
You hit the goblin.
The goblin is heavily wounded.
You barely miss the bat. The bat hits you.
The goblin hits you but does no damage.
You barely miss the goblin.
The goblin is heavily wounded.
The goblin closely misses you. The bat misses you.
You hit the goblin.
You kill the goblin!
Lugonu accepts your kill.
Your Axes skill increases to level 3!
You have reached level 2!
You barely miss the bat. The bat closely misses you. The bat misses you.
The bat completely misses you.
You are too injured to fight recklessly!
You are too injured to fight recklessly!
You are too injured to fight recklessly!
You are too injured to fight recklessly!
You are too injured to fight recklessly!
You barely miss the bat. The bat hits you. The bat hits you but does no damage.
The bat closely misses you. The bat hits you but does no damage.
You hit the bat.
You kill the bat!
Lugonu accepts your kill.
You see here a bat corpse.
You butcher the bat corpse.
i - 3 chunks of flesh {!e} (gained 1)
k - a viscous coppery potion {!q}
l - a scroll labeled ADOYTRIROO {!r} Are you sure you want to abandon this character and quit the game? (Confirm with "yes".)

#...........#.###
#..##.##.##.#.#
####..##.##.##.#.###
#...................
#.....#.....##.....#
#...........##.....#
#.....##...........#
#.....####..##..#..#
#..@..# #..##.#...#
#.....# #.........#
####### #.......#.#
##......#.#
#......#.#
####.#.#.. #.#.###
#.#.. , #.####*


There were no monsters in sight!

Vanquished Creatures
  A giant cockroach (D:1)
  A goblin (D:1)
  A bat (D:1)
  3 kobolds (D:1)
  4 rats (D:1)
10 creatures vanquished.

Notes
Turn   | Place    | Note
--------------------------------------------------------------
     0 | Abyss:1  | siepu, the Deep Dwarf Abyssal Knight, began the quest for the Orb.
     0 | Abyss:1  | Reached XP level 1. HP: 20/20 MP: 1/1
     2 | Abyss:1  | Found a deep blue altar of Sif Muna.
    94 | D:1      | Escaped the Abyss
   152 | D:1      | Acquired Lugonu's first power
   332 | D:1      | Reached skill level 3 in Axes
   332 | D:1      | Reached XP level 2. HP: 18/27 MP: 2/2
   350 | D:1      | Quit the game

Vault maps used:
D:1:      dpeg_arrival_arbitrary_b, hangedman_abyss_or_decor_lesser_grid,
          fountainhead, grunt_decor_one_mirror
Abyss:1:  hangedman_abyss_or_decor_jellyfish_corner

Action                   || total
-------------------------++-------
Melee: Hand axe          ||    45
Throw: Stone             ||     2
Invok: Depart the Abyss  ||     1
